[Event "GambitGuide"]
[Site "Internet Chess Club"]
[Date "2014.10.31"]
[Round "1"]
[White "JSBach"]
[Black "Andy0507"]
[Result "0-1"]
[ICCResult "White checkmated"]
[WhiteElo "1676"]
[BlackElo "1721"]
[Opening "Vienna: `Frankenstein-Dracula' variation"]
[ECO "C27"]
[NIC "VG.02"]
[Time "08:26:11"]
[TimeControl "120+12"]

1. e4 e5 2. Nc3 Nf6 3. Bc4 Nxe4 4. Qh5 Nd6 5. Bb3 Nc6 6. Nb5 g6 7. Qf3 f5 8.
Qd5 Qe7 9. Nxc7+ Kd8 10. Nxa8 b6 11. d3 Bb7 12. Nxb6 axb6 13. Qf3 Nd4 14.
Qg3 f4 15. Qg4 g5 16. Ba4 h5 17. Qd1 Bxg2 18. c3 Ne6 19. Qe2 Bg7 20. Nf3
Bxh1 21. Bb3 Nc5 22. Bc2 g4 23. Nd2 Bc6 24. b4 Ne6 25. Kd1 Ng5 26. Bb3 e4
27. Nxe4 Ngxe4 28. dxe4 Bxc3 29. Bb2 Nxe4 30. Rc1 Qxb4 31. Kc2 Bxb2 32. Kxb2
Qd4+ 33. Ka3 Qxf2 34. Qa6 Qe3 35. Rxc6 dxc6 36. Qa8+ Kc7 37. Qxh8 Qc1+ 38.
Ka4 b5+ 39. Kb4 Qc5+ 40. Ka5 Qa3+ 41. Ba4 Qxa4# {White checkmated} 0-1

[Event "GambitGuide"]
[Site "Internet Chess Club"]
[Date "2014.10.31"]
[Round "1"]
[White "JSBach"]
[Black "littlecaesar"]
[Result "1-0"]
[ICCResult "Black resigns"]
[WhiteElo "1676"]
[BlackElo "2521"]
[Opening "Vienna: `Frankenstein-Dracula' variation"]
[ECO "C27"]
[NIC "VG.02"]
[Time "08:28:23"]
[TimeControl "120+12"]

1. e4 e5 2. Nc3 Nf6 3. Bc4 Nxe4 4. Qh5 Nd6 5. Bb3 Nc6 6. Nb5 g6 7. Qf3 f5 8.
Qd5 Qe7 9. Nxc7+ Kd8 10. Nxa8 b6 11. d3 Nb4 12. Qf3 e4 13. dxe4 Nxe4 14. Be3
Bg7 15. O-O-O Bb7 16. Bxb6+ axb6 17. Qf4 d6 18. Nxb6 Qf6 19. c3 Nxc3 20.
Rxd6+ {Black resigns} 1-0

[Event "GambitGuide"]
[Site "Internet Chess Club"]
[Date "2014.10.31"]
[Round "1"]
[White "JSBach"]
[Black "bebe"]
[Result "1-0"]
[ICCResult "Black resigns"]
[WhiteElo "1676"]
[BlackElo "1647"]
[Opening "Vienna: `Frankenstein-Dracula' variation"]
[ECO "C27"]
[NIC "VG.02"]
[Time "08:27:44"]
[TimeControl "120+12"]

1. e4 e5 2. Nc3 Nf6 3. Bc4 Nxe4 4. Qh5 Nd6 5. Bb3 Nc6 6. Nb5 g6 7. Qf3 f5 8.
Qd5 Qe7 9. Nxc7+ Kd8 10. Nxa8 b6 11. d3 Bb7 12. Nxb6 axb6 13. Qf3 Nd4 14.
Qg3 Nxb3 15. axb3 Nb5 16. Bg5 Qxg5 17. Qxg5+ Be7 18. Qe3 Kc7 19. Qxe5+ Bd6
20. Qxb5 {Black resigns} 1-0

[Event "GambitGuide"]
[Site "Internet Chess Club"]
[Date "2014.10.31"]
[Round "1"]
[White "JSBach"]
[Black "bizonix747"]
[Result "1-0"]
[ICCResult "Black resigns"]
[WhiteElo "1676"]
[BlackElo "1435"]
[Opening "Vienna: `Frankenstein-Dracula' variation"]
[ECO "C27"]
[NIC "VG.02"]
[Time "08:29:03"]
[TimeControl "120+12"]

1. e4 e5 2. Nc3 Nf6 3. Bc4 Nxe4 4. Qh5 Nd6 5. Bb3 Nc6 6. Nb5 g6 7. Qf3 f5 8.
Qd5 Qe7 9. Nxc7+ Kd8 10. Nxa8 b6 11. d3 Bb7 12. Nxb6 axb6 13. Qf3 Nd4 14.
Qg3 h5 15. Bg5 h4 16. Bxe7+ Bxe7 17. Qxe5 {Black resigns} 1-0

[Event "GambitGuide"]
[Site "Internet Chess Club"]
[Date "2014.10.31"]
[Round "1"]
[White "JSBach"]
[Black "FlameOak4464"]
[Result "1-0"]
[ICCResult "Black resigns"]
[WhiteElo "1676"]
[BlackElo "1830"]
[Opening "Vienna: `Frankenstein-Dracula' variation"]
[ECO "C27"]
[NIC "VG.02"]
[Time "08:26:30"]
[TimeControl "120+12"]

1. e4 e5 2. Nc3 Nf6 3. Bc4 Nxe4 4. Qh5 Nd6 5. Bb3 Nc6 6. Nb5 g6 7. Qf3 f5 8.
Qd5 Qe7 9. Nxc7+ Kd8 10. Nxa8 b6 11. d3 Bb7 12. Nxb6 axb6 13. Qf3 Na5 14.
Qg3 Bg7 15. Be3 Kc7 16. Bg5 Qe8 17. Rc1 Nc6 18. Ne2 Rf8 19. c3 Bf6 20. Bd5
Bxg5 21. Qxg5 Rh8 22. d4 h6 23. Qg3 e4 24. Qf4 g5 25. Qg3 f4 26. Qg4 Ne7 27.
c4 Nxd5 28. cxd5+ Kb8 29. Nc3 Qf7 30. h4 Qg7 31. hxg5 hxg5 32. Rxh8+ Qxh8
33. Qxg5 Qxd4 34. Qxf4 Qb4 35. a3 Qxb2 36. Qxd6+ Ka7 37. Ne2 Qb3 38. Rc7
Qb1+ 39. Nc1 Ka8 40. Qxd7 e3 41. fxe3 Qe4 42. Rxb7 Qh4+ 43. Ke2 Qh5+ 44. Kd2
{Black resigns}
1-0

[Event "GambitGuide"]
[Site "Internet Chess Club"]
[Date "2014.10.31"]
[Round "1"]
[White "JSBach"]
[Black "Augustus"]
[Result "1-0"]
[ICCResult "Black resigns"]
[WhiteElo "1676"]
[BlackElo "1003"]
[Opening "Vienna: `Frankenstein-Dracula' variation"]
[ECO "C27"]
[NIC "VG.02"]
[Time "08:29:02"]
[TimeControl "120+12"]

1. e4 e5 2. Nc3 Nf6 3. Bc4 Nxe4 4. Qh5 Nd6 5. Bb3 Nc6 6. Nb5 g6 7. Qf3 f5 8.
Qd5 Qe7 9. Nxc7+ Kd8 10. Nxa8 b6 11. d3 Bb7 12. Nxb6 axb6 13. Qf3 Nd4 14.
Qh3 Bg7 15. Be3 e4 16. dxe4 Nxe4 17. Rd1 Qc5 18. c3 Nc2+ 19. Bxc2
{Black resigns}
1-0

[Event "GambitGuide"]
[Site "Internet Chess Club"]
[Date "2014.10.31"]
[Round "1"]
[White "JSBach"]
[Black "lustigbridge"]
[Result "1-0"]
[ICCResult "Black checkmated"]
[WhiteElo "1676"]
[BlackElo "1630"]
[Opening "Vienna: `Frankenstein-Dracula' variation"]
[ECO "C27"]
[NIC "VG.02"]
[Time "08:29:18"]
[TimeControl "120+12"]

1. e4 e5 2. Nc3 Nf6 3. Bc4 Nxe4 4. Qh5 Nd6 5. Bb3 Nc6 6. Nb5 g6 7. Qf3 f5 8.
Qd5 Qe7 9. Nxc7+ Kd8 10. Nxa8 b6 11. d3 Bb7 12. Nxb6 axb6 13. Qf3 Nd4 14.
Qg3 f4 15. Qg4 N6f5 16. Ne2 Ne6 17. Nc3 Qf7 18. Bd5 Bxd5 19. Nxd5 h5 20. Qe2
Ned4 21. Qxe5 Bg7 22. Qb8# {Black checkmated} 1-0

[Event "GambitGuide"]
[Site "Internet Chess Club"]
[Date "2014.10.31"]
[Round "1"]
[White "JSBach"]
[Black "snapper"]
[Result "1-0"]
[ICCResult "Black resigns"]
[WhiteElo "1676"]
[BlackElo "1504"]
[Opening "Vienna: `Frankenstein-Dracula' variation"]
[ECO "C27"]
[NIC "VG.02"]
[Time "08:27:23"]
[TimeControl "120+12"]

1. e4 e5 2. Nc3 Nf6 3. Bc4 Nxe4 4. Qh5 Nd6 5. Bb3 Nc6 6. Nb5 g6 7. Qf3 f5 8.
Qd5 Qe7 9. Nxc7+ Kd8 10. Nxa8 b6 11. d3 Bb7 12. Nxb6 axb6 13. Qf3 Kc7 14.
Be3 Bg7 15. Bd5 e4 16. Qe2 Ba6 17. Qd2 Rf8 18. Rb1 exd3 19. cxd3 f4 20. Rc1
fxe3 21. fxe3 Qh4+ 22. g3 Qa4 23. Rc2 Qxa2 24. Bxa2 {Black resigns} 1-0

[Event "GambitGuide"]
[Site "Internet Chess Club"]
[Date "2014.10.31"]
[Round "1"]
[White "JSBach"]
[Black "littlecaesar"]
[Result "1-0"]
[ICCResult "Black resigns"]
[WhiteElo "1676"]
[BlackElo "2521"]
[Opening "Vienna: `Frankenstein-Dracula' variation"]
[ECO "C27"]
[NIC "VG.02"]
[Time "08:29:43"]
[TimeControl "120+12"]

1. e4 e5 2. Nc3 Nf6 3. Bc4 Nxe4 4. Qh5 Nd6 5. Bb3 Nc6 6. Nb5 g6 7. Qf3 f5 8.
Qd5 Qe7 9. Nxc7+ Kd8 10. Nxa8 b6 11. d3 e4 12. dxe4 Nxe4 13. Be3 Bb7 14.
Nxb6 axb6 15. Bxb6+ Kc8 16. Be3 Qb4+ 17. c3 Nxc3 18. Qd2 Bg7 19. Rc1 Nxa2
20. Bxa2 Qb5 21. Rc2 Re8 22. Bf7 Re7 23. Bc4 Qa4 24. Be2 Kb8 25. Qd6+
{Black resigns}
1-0

[Event "GambitGuide"]
[Site "Internet Chess Club"]
[Date "2014.10.31"]
[Round "1"]
[White "JSBach"]
[Black "bebe"]
[Result "1-0"]
[ICCResult "Black resigns"]
[WhiteElo "1676"]
[BlackElo "1647"]
[Opening "Vienna: `Frankenstein-Dracula' variation"]
[ECO "C27"]
[NIC "VG.02"]
[Time "08:29:50"]
[TimeControl "120+12"]

1. e4 e5 2. Nc3 Nf6 3. Bc4 Nxe4 4. Qh5 Nd6 5. Bb3 Nc6 6. Nb5 g6 7. Qf3 f5 8.
Qd5 Qe7 9. Nxc7+ Kd8 10. Nxa8 b6 11. d3 Bg7 12. Ba4 b5 13. Bxb5 Nxb5 14.
Qxb5 Qd6 15. Nf3 Nd4 16. Nxd4 exd4 17. Qa5+ Ke7 18. Qxa7 Re8 19. Nc7 Rd8 20.
Bg5+ Bf6 21. Bxf6+ Qxf6 22. Nd5+ {Black resigns} 1-0

[Event "GambitGuide"]
[Site "Internet Chess Club"]
[Date "2014.10.31"]
[Round "1"]
[White "JSBach"]
[Black "bizonix747"]
[Result "1-0"]
[ICCResult "Black resigns"]
[WhiteElo "1676"]
[BlackElo "1435"]
[Opening "Vienna: `Frankenstein-Dracula' variation"]
[ECO "C27"]
[NIC "VG.02"]
[Time "08:30:00"]
[TimeControl "120+12"]

1. e4 e5 2. Nc3 Nf6 3. Bc4 Nxe4 4. Qh5 Nd6 5. Bb3 Nc6 6. Nb5 g6 7. Qf3 f5 8.
Qd5 Qe7 9. Nxc7+ Kd8 10. Nxa8 b6 11. d3 Bb7 12. Nxb6 axb6 13. Qf3 Nd4 14.
Qg3 h6 15. Qxg6 e4 16. Be3 exd3 17. O-O-O Nxb3+ 18. cxb3 Bg7 19. Rxd3 Qe5
20. Bd4 Qe1+ 21. Rd1 Qe2 22. Bxb6+ Kc8 23. Nxe2 {Black resigns} 1-0

[Event "GambitGuide"]
[Site "Internet Chess Club"]
[Date "2014.10.31"]
[Round "1"]
[White "JSBach"]
[Black "FlameOak4464"]
[Result "1-0"]
[ICCResult "Black resigns"]
[WhiteElo "1676"]
[BlackElo "1830"]
[Opening "Vienna: `Frankenstein-Dracula' variation"]
[ECO "C27"]
[NIC "VG.02"]
[Time "08:30:22"]
[TimeControl "120+12"]

1. e4 e5 2. Nc3 Nf6 3. Bc4 Nxe4 4. Qh5 Nd6 5. Bb3 Nc6 6. Nb5 g6 7. Qf3 f5 8.
Qd5 Qe7 9. Nxc7+ Kd8 10. Nxa8 b6 11. d3 Bb7 12. Nxb6 axb6 13. Qf3 Kc7 14.
Bd2 Nd4 15. Qg3 Bg7 16. Bg5 Qe8 17. c3 Nxb3 18. axb3 e4 19. d4 h6 20. Bf4
Qe6 21. Ra7 Kc6 22. Bxd6 {Black resigns} 1-0

[Event "GambitGuide"]
[Site "Internet Chess Club"]
[Date "2014.10.31"]
[Round "1"]
[White "JSBach"]
[Black "bizonix747"]
[Result "1-0"]
[ICCResult "Black checkmated"]
[WhiteElo "1676"]
[BlackElo "1435"]
[Opening "Vienna: `Frankenstein-Dracula' variation"]
[ECO "C27"]
[NIC "VG.02"]
[Time "08:31:28"]
[TimeControl "120+12"]

1. e4 e5 2. Nc3 Nf6 3. Bc4 Nxe4 4. Qh5 Nd6 5. Bb3 Nc6 6. Nb5 g6 7. Qf3 f5 8.
Qd5 Qe7 9. Nxc7+ Kd8 10. Nxa8 b6 11. d3 e4 12. dxe4 Nxe4 13. Be3 Bb7 14.
Nxb6 axb6 15. Bxb6+ Kc8 16. Be3 Ne5 17. Qb5 Nxf2 18. Bxf2 Nd3+ 19. Kf1 Bh6
20. cxd3 Re8 21. Re1 Bxg2+ 22. Kxg2 Qg5+ 23. Kf1 Rxe1+ 24. Bxe1 Qf4+ 25. Kg2
Qg4+ 26. Bg3 Be3 27. Qb8# {Black checkmated} 1-0

[Event "GambitGuide"]
[Site "Internet Chess Club"]
[Date "2014.10.31"]
[Round "1"]
[White "JSBach"]
[Black "nicolass"]
[Result "1-0"]
[ICCResult "Black resigns"]
[WhiteElo "1676"]
[BlackElo "1495"]
[Opening "Vienna: `Frankenstein-Dracula' variation"]
[ECO "C27"]
[NIC "VG.02"]
[Time "08:30:41"]
[TimeControl "120+12"]

1. e4 e5 2. Nc3 Nf6 3. Bc4 Nxe4 4. Qh5 Nd6 5. Bb3 Nc6 6. Nb5 g6 7. Qf3 f5 8.
Qd5 Qe7 9. Nxc7+ Kd8 10. Nxa8 b6 11. d3 Qe6 12. Qxe6 dxe6 13. Bg5+ Kd7 14.
Bf6 Rg8 15. Bc4 Be7 16. Bxe7 Kxe7 17. Bb3 Kd7 18. g4 Bb7 19. Nxb6+ axb6 20.
f3 f4 21. c3 g5 22. a4 Na5 23. Bc2 Bd5 24. Kf2 Nb3 25. Ra3 Nc5 26. d4 exd4
27. cxd4 Ncb7 28. Bxh7 Rg7 29. Bd3 e5 30. dxe5 Nc4 31. Bf5+ Ke7 32. Rb3 Nc5
33. Rb5 Nxe5 34. a5 Rf7 35. Rxb6 Rxf5 36. gxf5 Ned3+ 37. Ke2 Bc4 38. Kd2 Nf2
39. b4 Nb3+ 40. Kc3 Bf7 41. f6+ Kf8 42. Rb8+ Be8 43. a6 Nxh1 44. a7
{Black resigns}
1-0

[Event "GambitGuide"]
[Site "Internet Chess Club"]
[Date "2014.10.31"]
[Round "1"]
[White "JSBach"]
[Black "Andy0507"]
[Result "0-1"]
[ICCResult "White checkmated"]
[WhiteElo "1663"]
[BlackElo "1721"]
[Opening "Vienna: `Frankenstein-Dracula' variation"]
[ECO "C27"]
[NIC "VG.02"]
[Time "08:30:18"]
[TimeControl "120+12"]

1. e4 e5 2. Nc3 Nf6 3. Bc4 Nxe4 4. Qh5 Nd6 5. Bb3 Nc6 6. Nb5 g6 7. Qf3 f5 8.
Qd5 Qe7 9. Nxc7+ Kd8 10. Nxa8 b6 11. d3 Bb7 12. Nxb6 axb6 13. Qf3 Nd4 14.
Qg3 f4 15. Qg4 g5 16. Bd2 h5 17. Qd1 Bxg2 18. c3 Ne6 19. Qe2 Bg7 20. Bxe6
Qxe6 21. Bxf4 gxf4 22. d4 Bxh1 23. dxe5 Qxe5 24. O-O-O Qxe2 25. Nxe2 Bf3 26.
Rxd6 Bxe2 27. Rxb6 Kc7 28. Rg6 Be5 29. a4 Ra8 30. Kd2 Bc4 31. Rg5 Bd6 32. a5
Rb8 33. b4 h4 34. Rg4 h3 35. Rh4 Be6 36. f3 Kc6 37. Rh7 Be5 38. a6 Ra8 39.
Rh5 d6 40. Rh6 Bd7 41. c4 Kb6 42. b5 Rc8 43. Rh7 Be6 44. Rb7+ Ka5 45. a7 Ra8
46. b6 d5 47. Re7 dxc4 48. Rxe6 Ka6 49. Rxe5 Kxb6 50. Kc3 Rxa7 51. Kxc4 Ra4+
52. Kb3 Rd4 53. Kc3 Ra4 54. Re6+ Kc5 55. Kb3 Rd4 56. Kc3 Ra4 57. Kb2 Rb4+
58. Kc2 Kc4 59. Rh6 Kd4 60. Rh7 Ke3 61. Kc3 Rb1 62. Rxh3 Rf1 63. Kc4 Rxf3
64. Rxf3+ Kxf3 65. Kd4 Kg2 66. h4 f3 67. h5 f2 68. Kc5 f1=Q 69. Kd6 Qf8+ 70.
Kd5 Qh6 71. Ke4 Qxh5 72. Kd4 Qf3 73. Ke5 Kg3 74. Kd4 Qf4+ 75. Kd5 Kf3 76.
Kc5 Qe4 77. Kd6 Ke3 78. Kc5 Qd4+ 79. Kc6 Kd3 80. Kc7 Ke4 81. Kc6 Qd5+ 82.
Kc7 Ke5 83. Kc8 Qf7 84. Kd8 Kd5 85. Kc8 Kc6 86. Kb8 Qb7# {White checkmated}
0-1

[Event "GambitGuide"]
[Site "Internet Chess Club"]
[Date "2014.10.31"]
[Round "1"]
[White "JSBach"]
[Black "rvsm"]
[Result "0-1"]
[ICCResult "White checkmated"]
[WhiteElo "1663"]
[BlackElo "1037"]
[Opening "Vienna: `Frankenstein-Dracula' variation"]
[ECO "C27"]
[NIC "VG.02"]
[Time "08:29:04"]
[TimeControl "120+12"]

1. e4 e5 2. Nc3 Nf6 3. Bc4 Nxe4 4. Qh5 Nd6 5. Bb3 Nc6 6. Nb5 g6 7. Qf3 f5 8.
Qd5 Qe7 9. Nxc7+ Kd8 10. Nxa8 b6 11. d3 Bb7 12. Nxb6 axb6 13. Qf3 Kc7 14.
Bd2 Bg7 15. c3 e4 16. dxe4 Nxe4 17. Be3 Nxc3 18. Rc1 Ne4 19. Rc2 Re8 20. Kf1
Kb8 21. Ne2 Nb4 22. Kg1 Nxc2 23. Bxc2 Bxb2 24. Bxb6 Qb4 25. Bc7+ Kxc7 26.
Qf4+ d6 27. Ng3 Qe1+ 28. Nf1 Ba6 29. h3 Qxf1+ 30. Kh2 Qxf2 31. Qxf2 Nxf2 32.
Ba4 Re4 33. Bc2 Nxh1 34. Bxe4 fxe4 35. Kxh1 e3 36. Kg1 e2 37. Kf2 Bc3 38. a3
e1=Q+ 39. Kf3 Qe2+ 40. Kg3 Be5+ 41. Kh4 Qh5# {White checkmated} 0-1

[Event "GambitGuide"]
[Site "Internet Chess Club"]
[Date "2014.10.31"]
[Round "1"]
[White "JSBach"]
[Black "nicolass"]
[Result "1-0"]
[ICCResult "Black resigns"]
[WhiteElo "1663"]
[BlackElo "1495"]
[Opening "Vienna: `Frankenstein-Dracula' variation"]
[ECO "C27"]
[NIC "VG.02"]
[Time "08:33:03"]
[TimeControl "120+12"]

1. e4 e5 2. Nc3 Nf6 3. Bc4 Nxe4 4. Qh5 Nd6 5. Bb3 Nc6 6. Nb5 g6 7. Qf3 f5 8.
Qd5 Qe7 9. Nxc7+ Kd8 10. Nxa8 b6 11. d3 Qe6 12. Qxe6 dxe6 13. Bg5+ Be7 14.
Bh6 Re8 15. f4 Bf6 16. Bg5 Bxg5 17. fxg5 Bb7 18. Nxb6 axb6 19. Ba4 b5 20.
Bb3 Nd4 21. Kf2 e4 22. Kg3 e5 23. Re1 f4+ 24. Kh3 Nxb3 25. axb3 Kc7 26. Re2
Kc6 27. dxe4 Kc5 28. c4 Nxe4 29. cxb5 Kxb5 30. Nf3 Rd8 31. Rhe1 Rd3 32. Rxe4
Bxe4 33. Rxe4 Rxb3 34. Rxe5+ Kb4 35. Re4+ Kb5 36. Re2 Kc5 37. Kg4 Kd6 38.
Rd2+ Ke6 39. Nd4+ {Black resigns} 1-0

[Event "GambitGuide"]
[Site "Internet Chess Club"]
[Date "2014.10.31"]
[Round "1"]
[White "JSBach"]
[Black "dutchking"]
[Result "1-0"]
[ICCResult "Black checkmated"]
[WhiteElo "1676"]
[BlackElo "1370"]
[Opening "Vienna: `Frankenstein-Dracula' variation"]
[ECO "C27"]
[NIC "VG.02"]
[Time "08:32:26"]
[TimeControl "120+12"]

1. e4 e5 2. Nc3 Nf6 3. Bc4 Nxe4 4. Qh5 Nd6 5. Bb3 Nc6 6. Nb5 g6 7. Qf3 f5 8.
Qd5 Qe7 9. Nxc7+ Kd8 10. Nxa8 b6 11. d3 Bb7 12. Nxb6 axb6 13. Qf3 Nd4 14.
Qg3 Bg7 15. Bg5 Bf6 16. Bxf6 Qxf6 17. Ba4 Bc6 18. Bb3 Nb7 19. Ne2 Nc5 20.
Nxd4 exd4 21. Qb8+ Ke7 22. Qxb6 Nxb3 23. Qxb3 Qe5+ 24. Kf1 Qf4 25. Re1+ Kf6
26. g3 Qd2 27. Rg1 Ra8 28. Re2 Qd1+ 29. Re1 Qd2 30. Re2 Qd1+ 31. Re1 Qd2 32.
Re2 Qd1+ 33. Re1 Qd2 34. Re2 Qd1+ 35. Re1 Qd2 36. Re2 Qd1+ 37. Re1 Qf3 38.
Qb4 Kg5 39. Qxd4 Kh5 40. Qh4# {Black checkmated} 1-0

[Event "GambitGuide"]
[Site "Internet Chess Club"]
[Date "2014.10.31"]
[Round "1"]
[White "JSBach"]
[Black "leader1774"]
[Result "1-0"]
[ICCResult "Black resigns"]
[WhiteElo "1676"]
[BlackElo "1569"]
[Opening "Vienna: `Frankenstein-Dracula' variation"]
[ECO "C27"]
[NIC "VG.02"]
[Time "08:35:07"]
[TimeControl "120+12"]

1. e4 e5 2. Nc3 Nf6 3. Bc4 Nxe4 4. Qh5 Nd6 5. Bb3 Nc6 6. Nb5 g6 7. Qf3 f5 8.
Qd5 Qe7 9. Nxc7+ Kd8 10. Nxa8 b6 11. d3 Nb4 12. Bg5 {Black resigns} 1-0

[Event "GambitGuide"]
[Site "Internet Chess Club"]
[Date "2014.10.31"]
[Round "1"]
[White "JSBach"]
[Black "FlameOak4464"]
[Result "1-0"]
[ICCResult "Black resigns"]
[WhiteElo "1676"]
[BlackElo "1830"]
[Opening "Vienna: `Frankenstein-Dracula' variation"]
[ECO "C27"]
[NIC "VG.02"]
[Time "08:34:10"]
[TimeControl "120+12"]

1. e4 e5 2. Nc3 Nf6 3. Bc4 Nxe4 4. Qh5 Nd6 5. Bb3 Nc6 6. Nb5 g6 7. Qf3 f5 8.
Qd5 Qe7 9. Nxc7+ Kd8 10. Nxa8 b6 11. d3 Bb7 12. Nxb6 axb6 13. Qf3 Nd4 14.
Qh3 f4 15. Ba4 N6f5 16. c3 b5 17. Bd1 Nc6 18. a4 e4 19. axb5 Ne5 20. dxe4
Nc4 21. f3 Nfe3 22. b3 Ne5 23. Ba3 d6 24. b4 Nd3+ 25. Ke2 Bxe4 26. fxe4 Qxe4
27. Qf3 Qf5 28. Qc6 f3+ 29. Qxf3 {Black resigns} 1-0

[Event "GambitGuide"]
[Site "Internet Chess Club"]
[Date "2014.10.31"]
[Round "1"]
[White "JSBach"]
[Black "dutchking"]
[Result "1-0"]
[ICCResult "Black resigns"]
[WhiteElo "1676"]
[BlackElo "1370"]
[Opening "Vienna: `Frankenstein-Dracula' variation"]
[ECO "C27"]
[NIC "VG.02"]
[Time "08:35:41"]
[TimeControl "120+12"]

1. e4 e5 2. Nc3 Nf6 3. Bc4 Nxe4 4. Qh5 Nd6 5. Bb3 Nc6 6. Nb5 g6 7. Qf3 f5 8.
Qd5 Qe7 9. Nxc7+ Kd8 10. Nxa8 b6 11. d3 Bb7 12. Nxb6 axb6 13. Qf3 Na5 14.
Qg3 Nb5 15. Bg5 {Black resigns} 1-0

[Event "GambitGuide"]
[Site "Internet Chess Club"]
[Date "2014.10.31"]
[Round "1"]
[White "JSBach"]
[Black "nicolass"]
[Result "1-0"]
[ICCResult "Black resigns"]
[WhiteElo "1676"]
[BlackElo "1495"]
[Opening "Vienna: `Frankenstein-Dracula' variation"]
[ECO "C27"]
[NIC "VG.02"]
[Time "08:35:07"]
[TimeControl "120+12"]

1. e4 e5 2. Nc3 Nf6 3. Bc4 Nxe4 4. Qh5 Nd6 5. Bb3 Nc6 6. Nb5 g6 7. Qf3 f5 8.
Qd5 Qe7 9. Nxc7+ Kd8 10. Nxa8 b6 11. d3 Qe6 12. Qxe6 dxe6 13. Bg5+ Be7 14.
Bh6 Re8 15. Ba4 Bd7 16. Be3 g5 17. Nf3 f4 18. Bd2 h6 19. O-O-O Kc8 20. b4
Kb7 21. b5 Na5 22. Nxe5 Kxa8 23. Nxd7 Rd8 24. Nc5 Nab7 25. Nxe6 Nc5 26. Nxd8
Bxd8 27. Bb4 Bc7 28. Bxc5 bxc5 29. Rhe1 {Black resigns} 1-0

[Event "GambitGuide"]
[Site "Internet Chess Club"]
[Date "2014.10.31"]
[Round "1"]
[White "JSBach"]
[Black "PaddinTon"]
[Result "1-0"]
[ICCResult "Black checkmated"]
[WhiteElo "1676"]
[BlackElo "1776"]
[Opening "Vienna: `Frankenstein-Dracula' variation"]
[ECO "C27"]
[NIC "VG.02"]
[Time "08:35:16"]
[TimeControl "120+12"]

1. e4 e5 2. Nc3 Nf6 3. Bc4 Nxe4 4. Qh5 Nd6 5. Bb3 Nc6 6. Nb5 g6 7. Qf3 f5 8.
Qd5 Qe7 9. Nxc7+ Kd8 10. Nxa8 b6 11. d3 Ba6 12. Nf3 Bg7 13. Bg5 Bf6 14. Bxf6
Qxf6 15. Ba4 Bb7 16. Nxb6 axb6 17. Qb3 Kc7 18. Bb5 Nxb5 19. Qxb5 e4 20. dxe4
fxe4 21. Nd2 e3 22. fxe3 Re8 23. e4 Qh4+ 24. g3 Rxe4+ 25. Nxe4 Qxe4+ 26. Kd2
Qd4+ 27. Ke1 Qe4+ 28. Kd2 Qd4+ 29. Ke1 Qe4+ 30. Kd2 Qd4+ 31. Ke1 Qe4+ 32.
Kd2 Nd4 33. Qc4+ Bc6 34. Qc3 Qe2+ 35. Kc1 Nb5 36. Qe1 Qc4 37. Qe5+ Kb7 38.
Rd1 Ka6 39. a4 Na7 40. a5 b5 41. Qc7 Qc5 42. Ra3 b4 43. Rb3 Nb5 44. Qc8+ Ka7
45. Rxd7+ Bxd7 46. Qxc5+ Ka6 47. Qb6# {Black checkmated} 1-0

[Event "GambitGuide"]
[Site "Internet Chess Club"]
[Date "2014.10.31"]
[Round "1"]
[White "JSBach"]
[Black "Israeliguy"]
[Result "0-1"]
[ICCResult "White checkmated"]
[WhiteElo "1676"]
[BlackElo "1862"]
[Opening "Vienna: `Frankenstein-Dracula' variation"]
[ECO "C27"]
[NIC "VG.02"]
[Time "08:34:09"]
[TimeControl "120+12"]

1. e4 e5 2. Nc3 Nf6 3. Bc4 Nxe4 4. Qh5 Nd6 5. Bb3 Nc6 6. Nb5 g6 7. Qf3 f5 8.
Qd5 Qe7 9. Nxc7+ Kd8 10. Nxa8 b6 11. d3 Bg7 12. Nh3 Nb4 13. Bg5 Nxd5 14.
Bxe7+ Nxe7 15. d4 exd4 16. g4 fxg4 17. Nf4 Bb7 18. Rg1 Bxa8 19. Rxg4 Nef5
20. Kf1 Re8 21. Bd5 Bxd5 22. Nxd5 Nc4 23. b3 Nd2+ 24. Kg2 d3 25. c3 Re2 26.
Rc1 Ne4 27. Kf3 Nxf2 28. Ra4 d2 29. Rd1 Nxd1 30. Kxe2 Nxc3+ 31. Nxc3 Bxc3
32. Rxa7 Nd4+ 33. Kd1 Ne6 34. Rb7 Ba5 35. h3 Ng5 36. h4 Nf3 37. Rb8+ Kc7 38.
Rh8 Ne5 39. Rxh7 Nd3 40. Ke2 Nb2 41. Re7 d1=Q+ 42. Kf2 Nd3+ 43. Kg3 Qg1+ 44.
Kf3 Qf1+ 45. Kg3 Qf2+ 46. Kh3 Qf3+ 47. Kh2 Nf4 48. Re2 Qxe2+ 49. Kg3 Qg2+
50. Kxf4 Bd2+ 51. Ke5 Qg3+ 52. Kd5 Qd3+ 53. Ke5 Be3 54. Kf6 Qf5+ 55. Kg7
Bd4+ 56. Kg8 g5 57. h5 Qf6 58. h6 Qxh6 59. Kf7 Qf6+ 60. Ke8 Bc5 61. b4 Qe7#
{White checkmated}
0-1

[Event "GambitGuide"]
[Site "Internet Chess Club"]
[Date "2014.10.31"]
[Round "1"]
[White "JSBach"]
[Black "leader1774"]
[Result "1-0"]
[ICCResult "Black resigns"]
[WhiteElo "1676"]
[BlackElo "1569"]
[Opening "Vienna: `Frankenstein-Dracula' variation"]
[ECO "C27"]
[NIC "VG.02"]
[Time "08:35:48"]
[TimeControl "120+12"]

1. e4 e5 2. Nc3 Nf6 3. Bc4 Nxe4 4. Qh5 Nd6 5. Bb3 Nc6 6. Nb5 g6 7. Qf3 f5 8.
Qd5 Qe7 9. Nxc7+ Kd8 10. Nxa8 b6 11. d3 Nb4 12. Qf3 Bb7 13. Qg3 Bxa8 14. Bg5
{Black resigns}
1-0

[Event "GambitGuide"]
[Site "Internet Chess Club"]
[Date "2014.10.31"]
[Round "1"]
[White "JSBach"]
[Black "Andy0507"]
[Result "1-0"]
[ICCResult "Black resigns"]
[WhiteElo "1676"]
[BlackElo "1721"]
[Opening "Vienna: `Frankenstein-Dracula' variation"]
[ECO "C27"]
[NIC "VG.02"]
[Time "08:35:41"]
[TimeControl "120+12"]

1. e4 e5 2. Nc3 Nf6 3. Bc4 Nxe4 4. Qh5 Nd6 5. Bb3 Nc6 6. Nb5 g6 7. Qf3 f5 8.
Qd5 Qe7 9. Nxc7+ Kd8 10. Nxa8 b6 11. d3 Bb7 12. Nxb6 Nd4 13. Bg5 Qxg5 14.
Qxe5 Qxg2 15. Qxh8 Nf3+ 16. Ke2 Qxh1 17. Qxf8+ Kc7 18. Nc4 Nd4+ 19. Ke3 Qf3+
20. Nxf3 f4+ 21. Qxf4 Nxc2+ 22. Bxc2 {Black resigns} 1-0

[Event "GambitGuide"]
[Site "Internet Chess Club"]
[Date "2014.10.31"]
[Round "1"]
[White "JSBach"]
[Black "BosseB"]
[Result "1-0"]
[ICCResult "Black resigns"]
[WhiteElo "1676"]
[BlackElo "1288"]
[Opening "Vienna: `Frankenstein-Dracula' variation"]
[ECO "C27"]
[NIC "VG.02"]
[Time "08:35:14"]
[TimeControl "120+12"]

1. e4 e5 2. Nc3 Nf6 3. Bc4 Nxe4 4. Qh5 Nd6 5. Bb3 Nc6 6. Nb5 g6 7. Qf3 f5 8.
Qd5 Qe7 9. Nxc7+ Kd8 10. Nxa8 b6 11. d3 Bb7 12. Nxb6 axb6 13. Qf3 Nd4 14.
Qh3 Nxb3 15. axb3 Qe6 16. Be3 Kc7 17. b4 Be7 18. Ne2 g5 19. Ra3 g4 20. Rc3+
Kd8 21. Bxb6+ Ke8 22. Qe3 f4 23. Qc5 Nc8 24. Qxc8+ Bxc8 25. Rxc8+ Kf7 26.
Rxh8 Kg7 27. Rb8 Bxb4+ 28. c3 Bd6 29. Rb7 Kf6 30. d4 e4 31. d5 Qf5 32. Nd4
Qg5 33. Bd8+ Be7 34. Rxd7 Ke5 35. Nc6+ Kf5 36. Nxe7+ Ke5 37. Nc6+
{Black resigns}
1-0

[Event "GambitGuide"]
[Site "Internet Chess Club"]
[Date "2014.10.31"]
[Round "1"]
[White "JSBach"]
[Black "dutchking"]
[Result "1-0"]
[ICCResult "Black resigns"]
[WhiteElo "1676"]
[BlackElo "1370"]
[Opening "Vienna: `Frankenstein-Dracula' variation"]
[ECO "C27"]
[NIC "VG.02"]
[Time "08:36:35"]
[TimeControl "120+12"]

1. e4 e5 2. Nc3 Nf6 3. Bc4 Nxe4 4. Qh5 Nd6 5. Bb3 Nc6 6. Nb5 g6 7. Qf3 f5 8.
Qd5 Qe7 9. Nxc7+ Kd8 10. Nxa8 b6 11. d3 Bb7 12. Nxb6 axb6 13. Qf3 Na5 14.
Qg3 Bg7 15. Be3 Kc7 16. Bg5 Bf6 17. Bxf6 Qxf6 18. Nf3 e4 19. dxe4 fxe4 20.
Ne5 Re8 21. Nf7 Re5 22. Nxe5 {Black resigns} 1-0